 Dungeon Crawl Stone Soup version 0.18.1-50-g88ac8fd (webtiles) character file.

431 Kirkhe the Digger (level 6, -1/36 HPs)
             Began as an Octopode Earth Elementalist on Oct 10, 2016.
             Slain by a river rat (7 damage)
             ... summoned by Eustachio
             ... on level 5 of the Dungeon.
             The game lasted 00:10:12 (3308 turns).

Kirkhe the Digger (Octopode Earth Elementalist)     Turns: 3308, Time: 00:10:13

Health: -1/36      AC:  1    Str:  7    XL:     6   Next: 99%
Magic:  0/12       EV: 13    Int: 20    God:
Gold:   146        SH:  0    Dex: 12    Spells: 3 memorised, 8 levels left

rFire  . . .     SeeInvis .     (no weapon)
rCold  . . .     Gourm    .     (no shield)
rNeg   . . .     Faith    .     (helmet restricted)
rPois  .         Spirit   .     (no amulet)
rElec  .         Dismiss  .     u - +1 ring of evasion
rCorr  .         Reflect  .     (no ring)
SustAt .         Harm     .     (no ring)
MR     .....                    (no ring)
Stlth  +++.......               (no ring)
                                (no ring)
                                (no ring)
                                (no ring)

@: not resistant to hostile enchantments, fairly stealthy
A: almost no armour, amphibious, 8 rings, constrict 8, camouflage 1, gelatinous
body 1
a: no special abilities


You were on level 5 of the Dungeon.
You were very hungry.

You visited 1 branch of the dungeon, and saw 5 of its levels.

You collected 146 gold pieces.

Inventory:

Hand Weapons
 q - a +1 dagger of freezing
 r - a +0 spear
Missiles
 f - 51 poisoned needles
 g - 6 tomahawks (quivered)
Jewellery
 u - a +1 ring of evasion (left tentacle)
Wands
 w - a wand of random effects (36/48)
Scrolls
 k - 6 scrolls of remove curse
 l - a scroll of amnesia
 y - a scroll of blinking
Potions
 e - 3 potions of curing
 h - a potion of might {unknown}
 i - a potion of invisibility {unknown}
 m - 3 potions of heal wounds
 n - a potion of magic {unknown}
 s - a potion of ambrosia {unknown}
 v - a potion of mutation {unknown}
 x - a potion of brilliance {unknown}
 z - 2 potions of degeneration {unknown}
 B - a potion of beneficial mutation {unknown}
 C - a potion of flight {unknown}
Books
 b - a book of Geomancy

   Spells                             Type                      Level
   a - Sandblast                      Earth                        1
   b - Passwall                       Transmutation/Earth          2
   c - Stone Arrow                    Conjuration/Earth            3
   d - Petrify                        Transmutation/Earth          4
   e - Lee's Rapid Deconstruction     Earth                        5
 D - a book of Maledictions

   Spells                             Type                      Level
   a - Corona                         Hexes                        1
   b - Ensorcelled Hibernation        Hexes/Ice                    2
   c - Confuse                        Hexes                        3
   d - Tukima's Dance                 Hexes                        3
   e - Dazzling Spray                 Conjuration/Hexes            3
Comestibles
 c - 4 bread rations
 d - 3 fruits
 o - a royal jelly
 p - 2 meat rations
 t - a slice of pizza


   Skills:
 - Level 0.2 Short Blades
 - Level 2.0 Dodging
 - Level 2.6 Stealth
 + Level 4.5 Spellcasting
 * Level 1.9 Conjurations
 + Level 1.0 Transmutations
 + Level 5.6 Earth Magic


You had 8 spell levels left.
You knew the following spells:

 Your Spells              Type           Power        Failure   Level  Hunger
a - Sandblast             Erth           ####..       1%          1    None
b - Stone Arrow           Conj/Erth      ###...       10%         3    ##.....
c - Passwall              Trmt/Erth      ###.......   6%          2    #......


Dungeon Overview and Level Annotations

Branches:
Dungeon (5/15)
 Temple: D:4-7

Altars:
Gozag
Okawaru
Pakellas
Xom

Annotations:
D:5 Eustachio


Innate Abilities, Weirdness & Mutations

You cannot wear most types of armour.
You are amphibious.
You can wear up to eight rings at the same time.
You can use your tentacles to constrict eight enemies at once.
Your skin changes colour to match your surroundings (Stealth).
Your rubbery body absorbs attacks (AC +1).


Message History

Press: ? - help, Shift-Dir - straight line, f/p - Eustachio
Aim: Eustachio, wielding a rapier and wearing a leather armour (almost dead)
The blast of sand hits Eustachio.
Eustachio is almost dead.
Eustachio hits you with a rapier! The shadow imp barely misses you.
Casting: Sandblast
Confirm with . or Enter, or press ? or * to list all spells.
Aiming: Sandblast
Press: ? - help, Shift-Dir - straight line, f/p - Eustachio
Aim: Eustachio, wielding a rapier and wearing a leather armour (almost dead)
The blast of sand hits Eustachio.
Eustachio is almost dead.
Eustachio casts a spell.
Eustachio blinks!
The shadow imp misses you. The white imp gestures at you.
The puff of frost hits you!
* * * LOW HITPOINT WARNING * * *
Eustachio casts a spell.
Eustachio blinks!
The river rat bites you!
You die...

#.........
#.........
.##########.........
..........'.........
#...#######........<
+.......##...###+##+
#....?..##...#
#......r##...#
#..@.ยง55@'...#
#.....5.##...#
#..?....##...#
.....#####...# ####.
#...# # #...# #...#
##'## #.#


You could see Eustachio, an iron imp, a river rat, a white imp and a shadow imp.

Vanquished Creatures
  A phantom (D:4)
  2 hounds (D:4)
  An orc priest (D:4)
  An orc wizard (D:3)
  3 worker ants (D:4)
  4 adders
  An ooze (D:1)
  2 worms (D:2)
  3 dart slugs
  2 giant geckos (D:2)
  10 orcs
  4 giant cockroaches
  10 goblins
  3 hobgoblins
  10 jackals
  10 kobolds
  4 quokkas
  2 ball pythons
  6 bats
  2 giant gecko skeletons
  4 giant newts
  9 rats
  A butterfly (D:3)
95 creatures vanquished.

Notes
Turn   | Place    | Note
--------------------------------------------------------------
     0 | D:1      | Kirkhe the Octopode Earth Elementalist began the quest for the Orb.
     0 | D:1      | Reached XP level 1. HP: 11/11 MP: 3/3
   215 | D:1      | Reached XP level 2. HP: 5/17 MP: 3/5
   866 | D:1      | Reached XP level 3. HP: 21/21 MP: 3/6
   908 | D:2      | Reached skill level 4 in Earth Magic
   997 | D:2      | Reached XP level 4. HP: 24/27 MP: 0/8
  1027 | D:2      | Found an iron altar of Okawaru.
  1433 | D:3      | Found a shimmering altar of Xom.
  1963 | D:3      | Reached XP level 5. HP: 31/31 MP: 3/10
  2101 | D:4      | Learned a level 3 spell: Stone Arrow
  2233 | D:4      | Found an oddly glowing altar of Pakellas.
  2283 | D:4      | Found an opulent altar of Gozag.
  2324 | D:4      | Reached skill level 5 in Earth Magic
  2403 | D:4      | Reached skill level 1 in Conjurations
  2403 | D:4      | Reached XP level 6. HP: 36/36 MP: 4/11
  2843 | D:4      | Learned a level 2 spell: Passwall
  2984 | D:4      | Noticed a phantom
  2993 | D:4      | Killed a phantom
  3120 | D:5      | Entered Level 5 of the Dungeon
  3277 | D:5      | Noticed Eustachio
  3308 | D:5      | Slain by a river rat

Skill      XL: |  1  2  3  4  5  6 |
---------------+-------------------+-----
Earth Magic    | 4 5 |  5.6
Spellcasting   | 3 4 |  4.5
Conjurations   | 1 |  1.9
Short Blades   | |  0.2
Dodging        | |  2.0
Stealth        | |  2.6
Transmutations | |  1.0

Action                   |  1- 3 |  4- 6 || total
-------------------------+-------+-------++-------
Melee: Unarmed           |    14 |       ||    14
       Constrict         |     5 |    15 ||    20
       Tentacles         |     5 |     5 ||    10
       Dagger            |     4 |    59 ||    63
 Cast: Sandblast         |    31 |    90 ||   121
  Use: Scroll            |       |     9 ||     9
       Potion            |       |     2 ||     2
 Stab: Sleeping          |       |    10 ||    10
  Eat: Chunk             |       |     7 ||     7
Armor: Skin              |     2 |     3 ||     5
Dodge: Dodged            |    18 |    68 ||    86
